AoeStats
← URL

Oasis

507429290Analyzed
3v3 RM · 15d ago on Sep 18, 2026· 69m 34s· 6 players
Game mode
Random Map
Map size
Normal (6 player)
Population
200
Speed
Normal
Resources
Standard
Victory
Conquest
Starting age
Dark Age
Ending age
Imperial Age
RankedLock teamsTeams togetherTeam positionsShared explorationLock speedFull tech treeHidden civsTurbo modeCheats
Victory
Defeat
🇲🇽 Italians · Mexico
808
+19
🇲🇽 Mongols · Mexico
789
+20
🇲🇽 Vietnamese · Mexico
767
+20
🇩🇪 Lithuanians · Germany
904
-21
🇪🇸 Khmer · Spain
860
-19
🇱🇹 Goths · Lithuania
857
-19
URL
0:37 Loom
13:24 Feudal Age
13:47 Horse Collar
14:01 Gold Mining
14:01 Stone Mining
13:58 Town Watch
14:02 Double-Bit Axe
16:30 Man-at-Arms
21:24 Wheelbarrow
28:21 Castle Age
26:34 Scale Mail Armor
27:25 Forging
29:49 Stone Shaft Mining
29:06 Pikeman
30:41 Caravan
31:19 Squires
31:40 Heavy Plow
33:04 Bow Saw
33:53 Coinage
34:06 Chain Mail Armor
36:28 Anarchy
41:52 Imperial Age
42:03 Iron Casting
45:12 Blast Furnace
45:15 Perfusion
45:37 Conscription
45:14 Elite Huskarl
47:09 Banking
47:27 Halberdier
57:59 Ballistics
60:58 Guilds
Neuronians
0:26 Loom
12:10 Feudal Age
12:34 Horse Collar
13:31 Wheelbarrow
13:22 Town Watch
14:13 Double-Bit Axe
26:22 Castle Age
24:24 Gold Mining
25:02 Stone Mining
27:27 Hand Cart
27:32 Bow Saw
27:49 Heavy Plow
28:09 Town Patrol
28:46 Caravan
38:36 Imperial Age
37:02 Treadmill Crane
37:38 Forging
37:33 Scale Barding Armor
37:19 Fletching
38:18 Masonry
39:41 Conscription
39:42 Elite Leitis
40:37 Fortified Wall
40:50 Ballistics
41:33 Chemistry
41:13 Iron Casting
41:45 Crop Rotation
41:53 Chain Barding Armor
42:24 Husbandry
42:36 Bloodlines
43:32 Guilds
45:51 Plate Barding Armor
48:19 Hoardings
47:48 Hill Forts
47:48 Tower Shields
48:23 Architecture
47:56 Padded Archer Armor
49:12 Arson
49:27 Squires
49:02 Elite Skirmisher
49:47 Thumb Ring
49:39 Bodkin Arrow
50:00 Leather Archer Armor
49:33 Pikeman
50:53 Halberdier
52:14 Ring Archer Armor
51:45 Bracer
52:58 Murder Holes
53:28 Scale Mail Armor
56:14 Chain Mail Armor
kikekalimar
13:32 Feudal Age
14:16 Loom
15:44 Gold Mining
23:01 Stone Mining
23:33 Forging
27:03 Castle Age
25:54 Fletching
26:05 Padded Archer Armor
26:05 Scale Mail Armor
27:08 Scale Barding Armor
27:15 Double-Bit Axe
29:13 Gold Shaft Mining
28:11 Man-at-Arms
30:59 Caravan
31:06 Bodkin Arrow
33:29 Iron Casting
34:24 Leather Archer Armor
33:54 Pikeman
34:56 Long Swordsman
36:08 Bow Saw
37:07 Horse Collar
38:22 Tusk Swords
40:00 Heavy Plow
40:44 Chain Mail Armor
41:30 Elite Skirmisher
XJerkX
0:29 Loom
9:25 Feudal Age
10:10 Double-Bit Axe
14:48 Forging
21:34 Castle Age
22:33 Bow Saw
26:15 Gold Mining
26:16 Stone Mining
26:44 Horse Collar
27:34 Town Watch
30:27 Wheelbarrow
31:06 Heavy Plow
31:16 Fletching
31:26 Padded Archer Armor
34:52 Imperial Age
33:05 Bodkin Arrow
33:36 Bloodlines
33:27 Husbandry
34:44 Gold Shaft Mining
34:48 Stone Shaft Mining
35:36 Leather Archer Armor
35:27 Scale Barding Armor
35:29 Thumb Ring
36:07 Hand Cart
35:55 Town Patrol
35:49 Light Cavalry
36:57 Parthian Tactics
36:55 Ballistics
37:40 Chemistry
37:23 Conscription
37:18 Bracer
38:19 Hoardings
38:14 Siege Engineers
38:20 Masonry
39:14 Drill
38:53 Murder Holes
39:08 Fortified Wall
39:47 Chain Barding Armor
39:53 Hussar
41:12 Iron Casting
45:07 Blast Furnace
45:12 Scale Mail Armor
47:25 Chain Mail Armor
46:45 Man-at-Arms
47:25 Squires
47:11 Arson
49:24 Plate Mail Armor
48:18 Long Swordsman
49:59 Two-Handed Swordsman
50:00 Pikeman
52:11 Capped Ram
54:41 Champion
57:42 Siege Ram
59:24 Coinage
58:55 Caravan
61:33 Banking
jd_buhos
13:53 Feudal Age
14:38 Double-Bit Axe
14:48 Gold Mining
16:12 Wheelbarrow
19:58 Loom
27:32 Stone Mining
30:48 Castle Age
28:56 Fletching
30:23 Horse Collar
34:26 Hand Cart
34:46 Heavy Plow
37:17 Bow Saw
38:08 Bodkin Arrow
39:45 Pikeman
41:31 Scale Mail Armor
41:41 Forging
43:27 Forging
43:32 Chain Mail Armor
46:26 Imperial Age
47:17 Elite Genoese Crossbowman
47:53 Crossbowman
48:39 Thumb Ring
52:32 Chemistry
51:53 Ballistics
52:46 Iron Casting
54:19 Crop Rotation
54:27 Arbalester
54:30 Elite Skirmisher
59:11 Blast Furnace
58:41 Plate Mail Armor
58:12 Bracer
60:41 Two-Man Saw
62:33 Caravan
PaysitoDeQueso
0:37 Loom
12:14 Feudal Age
13:33 Horse Collar
13:42 Double-Bit Axe
19:26 Man-at-Arms
24:40 Castle Age
23:56 Forging
24:24 Scale Mail Armor
24:40 Scale Barding Armor
26:16 Light Cavalry
27:07 Bloodlines
30:26 Bow Saw
32:20 Heavy Plow
34:05 Wheelbarrow
34:54 Hand Cart
34:53 Squires
41:53 Imperial Age
39:12 Town Watch
41:06 Iron Casting
40:37 Scale Mail Armor
42:27 Town Patrol
41:59 Capped Ram
42:27 Elite Fire Lancer
49:08 Two-Man Saw
50:13 Cavalier
50:58 Husbandry
Connection lost

Rejoining the realm…

Still unreachable

The connection could not be restored.

Session expired

The server has moved on; the page needs a fresh start.